 Dungeon Crawl Stone Soup version 0.18-a0-1639-g7533f42 (webtiles) character file.

8026 cireshan the Thaumaturge (level 11, 0/69 HPs)
             Began as a High Elf Fire Elementalist on Mar 27, 2016.
             Was a Priest of Qazlal.
             Slain by an unseen horror (4 damage)
             ... on level 10 of the Dungeon.
             The game lasted 02:02:38 (12998 turns).

cireshan the Thaumaturge (HEFE)                    Turns: 12998, Time: 02:02:39

Health: 0/69       AC:  5    Str: 11    XL:     11   Next: 4%
Magic:  25/25      EV: 16    Int: 21    God:    Qazlal [***...]
Gold:   446        SH:  7    Dex: 17    Spells: 4 memorised, 17 levels left

rFire  . . .     SeeInvis .     K - +4 rapier of Superiority {speed, rElec Str+3}
rCold  . . .     Gourm    .     r - +0 leather armour
rNeg   + . .     Faith    .     (no shield)
rPois  .         Spirit   .     e - +0 helmet
rElec  +         Dismiss  .     B - +0 cloak
rCorr  .         Reflect  +     (no gloves)
SustAt .         Harm     .     (no boots)
MR     ++...                    t - +3 amulet of reflection
Stlth  ++........               U - ring of positive energy
                                z - ring of protection from magic

@: very resistant to hostile enchantments, unstealthy
A: no striking features
a: Upheaval, Elemental Force, Renounce Religion


You were on level 10 of the Dungeon.
You worshipped Qazlal.
Qazlal was most pleased with you.
You were not hungry.

You visited 2 branches of the dungeon, and saw 11 of its levels.

You collected 446 gold pieces.

Inventory:

Hand Weapons
 h - a +0 short sword
 s - a +1 trident of venom
 E - the +0 war axe of Rubbish {chop, Str+4}
   (You found it on level 10 of the Dungeon)

   It inflicts extra damage upon your enemies.
   It affects your strength (+4).
 K - the +4 rapier of Superiority (weapon) {speed, rElec Str+3}
   (You took it off an orc on level 6 of the Dungeon)

   Attacks with this weapon are significantly faster.
   It affects your strength (+3).
   It insulates you from electricity.
 M - a +1 whip of flaming
Missiles
 f - 102 bolts
 u - 5 tomahawks of returning (quivered)
Armour
 a - a +0 robe
 e - a +0 helmet (worn)
 r - a +0 leather armour (worn)
 B - a +0 cloak (worn)
 W - a +1 scale mail of magic resistance
Magical Staves
 V - an uncursed staff of energy
 X - an uncursed staff of power
Jewellery
 t - a +3 amulet of reflection (around neck)
 z - a ring of protection from magic (left hand)
 G - an uncursed ring of stealth
 U - a ring of positive energy (right hand)
Wands
 n - a wand of iceblast (15/15)
 F - a wand of hasting (6/9)
 I - a wand of digging (12/24)
 J - a wand of flame (22/48)
 L - a wand of paralysis (13/24)
 P - a wand of flame (18/48)
 Q - a wand of enslavement (8/24)
 S - a wand of iceblast (3/15)
 Y - a wand of digging (10/24)
Scrolls
 g - 5 scrolls of remove curse
 i - 6 scrolls of identify
 j - a scroll of enchant weapon
 k - 4 scrolls of recharging
 o - 3 scrolls of teleportation
 w - a scroll of enchant armour
 x - 3 scrolls of magic mapping
 y - a scroll of fear {unknown}
 D - a scroll of fog {unknown}
Potions
 d - a potion of degeneration {unknown}
 l - a potion of magic
 q - 2 potions of brilliance
 v - a potion of cure mutation
 C - 2 potions of haste
 H - 4 potions of curing
Books
 b - a book of Flames

   Spells                             Type                      Level
   a - Flame Tongue                   Conjuration/Fire             1
   b - Throw Flame                    Conjuration/Fire             2
   c - Conjure Flame                  Conjuration/Fire             3
   d - Inner Flame                    Hexes/Fire                   3
   e - Sticky Flame                   Conjuration/Fire             4
   f - Fireball                       Conjuration/Fire             5
 p - a book of Dreams

   Spells                             Type                      Level
   a - Ensorcelled Hibernation        Hexes/Ice                    2
   b - Silence                        Hexes/Air                    5
   c - Darkness                       Hexes                        6
   d - Shadow Creatures               Summoning                    6
 R - a book of Transfigurations

   Spells                             Type                      Level
   a - Irradiate                      Conjuration/Transmutation    5
   b - Statue Form                    Transmutation/Earth          6
   c - Hydra Form                     Transmutation                6
   d - Dragon Form                    Transmutation                7
Comestibles
 c - 8 bread rations
 m - 9 meat rations
 A - 3 chunks of flesh
 Z - 6 beef jerkies


   Skills:
 + Level 4.0 Fighting
 + Level 3.4 Short Blades
 + Level 0.1 Polearms
 + Level 3.8 Armour
 + Level 6.4 Dodging
 - Level 3.6 Stealth
 + Level 0.1 Unarmed Combat
 + Level 9.7 Spellcasting
 + Level 9.0 Conjurations
 + Level 8.8 Fire Magic


You had 17 spell levels left.
You knew the following spells:

 Your Spells              Type           Power        Failure   Level  Hunger
a - Flame Tongue          Conj/Fire      #####        1%          1    None
b - Throw Flame           Conj/Fire      #####.       1%          2    None
c - Sticky Flame          Conj/Fire      #####...     2%          4    ##.....
d - Fireball              Conj/Fire      #####.....   10%         5    ####...


Dungeon Overview and Level Annotations

Branches:
Dungeon (10/15)            Temple (1/1) D:4
   Lair: D:8-11         Orc: D:9-12

Altars:
Ashenzari
Cheibriados
Dithmenos
Fedhas
Gozag
Kikubaaqudgha
Makhleb
Nemelex Xobeh
Okawaru
Pakellas
Qazlal
Ru
Sif Muna
Trog
Vehumet
Yredelemnul
Zin
The Shining One


Message History

You closely miss something. Something hits you. Something hits you.
Read which item? (? for menu, Esc to quit)
Okay, then.
Something barely misses you. Something hits you but does no damage.
Something hits you but does no damage. Something hits you!
* * * LOW HITPOINT WARNING * * *
Something hits you!
* * * LOW HITPOINT WARNING * * *
Something hits you.
* * * LOW HITPOINT WARNING * * *
Something barely misses you. Something hits you but does no damage.
Something hits you.
* * * LOW HITPOINT WARNING * * *
You block something's attack. Something hits you.
You die...

....÷)..).....(.........
...............(...###
.#######....(......#
#(..........#
#...........#
#.....>.....#
#...........# #.#
#.....÷[(...# #.#
#......((@..# #.#
#.....[..§§.# #.#
#...........# #.#
#...........# #.#
#...........# #.#
#...........#####.#
#.................#
#...(......######.#
#..........# #.# #..


There were no monsters in sight!

Vanquished Creatures
  Pikel (D:7)
  A manticore (D:9)
  The ghost of Noname the Insei, a novice DsGl of Makhleb (D:6)
  A troll (D:9)
  Prince Ribbit (D:9)
  A two-headed ogre (D:9)
  2 wyverns
  9 yaks
  A hungry ghost (D:9)
  A slave (D:7)
  A black bear (D:8)
  A necrophage (D:6)
  2 ice beasts (D:9)
  2 orc warriors
  An eye of draining (D:9)
  5 ogres
  3 phantoms
  2 centaurs
  2 big kobolds
  10 giant frogs
  Blork the orc (D:6)
  A wyvern skeleton (D:6)
  3 scorpions
  6 killer bees (D:9)
  10 wights
  A howler monkey (D:9)
  A crimson imp (D:10)
  A quasit (D:10)
  4 hounds
  3 jellies
  4 orc priests
  Crazy Yiuf (D:3)
  A centaur skeleton (D:8)
  Jessica (D:3)
  5 iguanas
  11 worker ants
  6 orc wizards
  4 gnolls (D:6)
  13 adders
  7 shadow imps
  An ooze (D:2)
  An adder zombie (D:4)
  2 adder skeletons
  5 dart slugs
  6 giant geckos
  30 orcs
  2 ball pythons
  5 giant cockroaches
  5 goblins
  11 hobgoblins
  4 jackals (D:6)
  3 quokkas
  4 bats
  A giant gecko skeleton (D:4)
  6 giant newts
  A jackal skeleton (D:4)
  16 kobolds
  A quokka skeleton (D:9)
  4 rats
240 creatures vanquished.

Vanquished Creatures (others)
  A sphinx (D:8)
  A slave (D:7)
  A hound (D:7)
3 creatures vanquished.

Grand Total: 243 creatures vanquished

Notes
Turn   | Place    | Note
--------------------------------------------------------------
     0 | D:1      | cireshan the High Elf Fire Elementalist began the quest for the Orb.
     0 | D:1      | Reached XP level 1. HP: 11/11 MP: 4/4
   199 | D:1      | Reached XP level 2. HP: 17/17 MP: 3/6
   203 | D:1      | Learned a level 2 spell: Throw Flame
   962 | D:1      | Reached XP level 3. HP: 21/21 MP: 5/8
  1596 | D:2      | Reached XP level 4. HP: 27/27 MP: 2/9
  1607 | D:2      | Learned a level 4 spell: Sticky Flame
  2422 | D:3      | Reached XP level 5. HP: 24/31 MP: 1/11
  2623 | D:3      | Found a basalt altar of Yredelemnul.
  2626 | D:3      | Found a blossoming altar of Fedhas.
  2631 | D:3      | Found an opulent altar of Gozag.
  2968 | D:3      | Noticed Jessica
  2972 | D:3      | Killed Jessica
  3218 | D:3      | Noticed Crazy Yiuf
  3230 | D:3      | Killed Crazy Yiuf
  3230 | D:3      | Reached skill level 1 in Armour
  3581 | D:4      | Found a staircase to the Ecumenical Temple.
  3590 | Temple   | Entered the Ecumenical Temple
  3598 | Temple   | Became a worshipper of Qazlal Stormbringer
  3627 | D:4      | Reached XP level 6. HP: 36/36 MP: 2/12
  4257 | D:4      | Found a sparkling altar of Nemelex Xobeh.
  4532 | D:4      | Found a sacrificial altar of Ru.
  4804 | D:5      | Entered Level 5 of the Dungeon
  5141 | D:5      | Reached skill level 1 in Fighting
  5141 | D:5      | Reached XP level 7. HP: 37/43 MP: 2/14
  5379 | D:5      | Reached * piety under Qazlal
  5405 | D:5      | Reached skill level 5 in Spellcasting
  5693 | D:6      | Reached skill level 5 in Fire Magic
  6177 | D:6      | Reached XP level 8. HP: 48/48 MP: 5/17
  6184 | D:6      | Noticed Blork the orc
  6215 | D:6      | Killed Blork the orc
  6215 | D:6      | Reached skill level 5 in Conjurations
  6235 | D:6      | Noticed Noname's ghost (novice DsGl)
  7205 | D:6      | Learned a level 5 spell: Fireball
  7230 | D:6      | Reached ** piety under Qazlal
  7712 | D:6      | Found an iron altar of Okawaru.
  7724 | D:6      | Got a polished rapier {speed}
  7725 | D:6      | Identified the +4 rapier of Superiority {speed, rElec Str+3} (You took it off an orc on level 6 of the Dungeon)
  7925 | D:6      | Killed Noname's ghost
  7925 | D:6      | Reached skill level 1 in Short Blades
  7925 | D:6      | Reached XP level 9. HP: 20/54 MP: 13/20
  8216 | D:7      | Noticed Pikel
  8246 | D:7      | Killed Pikel
  8246 | D:7      | Reached skill level 5 in Dodging
  8950 | D:7      | Found a bloodstained altar of Trog.
  9972 | D:8      | Found an oddly glowing altar of Pakellas.
  9973 | D:8      | Noticed a sphinx
  9983 | D:8      | Killed a sphinx
 10111 | D:9      | Noticed a troll
 10118 | D:9      | Killed a troll
 10118 | D:9      | Reached XP level 10. HP: 61/63 MP: 13/23
 10169 | D:9      | Noticed a manticore
 10773 | D:9      | Noticed Prince Ribbit
 10779 | D:9      | Killed Prince Ribbit
 10828 | D:9      | Killed a manticore
 10828 | D:9      | Reached *** piety under Qazlal
 11442 | D:10     | Entered Level 10 of the Dungeon
 12537 | D:10     | Got a blackened war axe
 12538 | D:10     | Identified the +0 war axe of Rubbish {chop, Str+4} (You found it on level 10 of the Dungeon)
 12712 | D:9      | Reached XP level 11. HP: 64/69 MP: 17/25
 12998 | D:10     | Slain by an unseen horror

Vault maps used:
D:1:      saegor_arrival_simple_a
D:3:      grunt_temple_overflow_diamond, uniq_crazy_yiuf_cottage, uniq_jessica
D:4:      nicolae_overflow_crystal_walls, nemelex_deck,
          minmay_temple_entry_statues_pillars, first_bread, hex_large
D:6:      okawaru_ov_weapons_minmay, uniq_blork_the_orc
D:7:      lemuel_coloured_pillars_altar, uniq_pikel
D:8:      gammafunk_pakellas_spire_experiment
D:9:      grunt_ogre_cave, minmay_diamond_spiral, uniq_prince_ribbit1
D:10:     item_on_display_b
Temple:   eino_narrow_crystal_temple_b_12

Skill      XL: |  1  2  3  4  5  6  7  8  9 10 11 |
---------------+----------------------------------+-----
Stealth        | 3 |  3.6
Spellcasting   | 3 4 5 7 8 9 |  9.7
Conjurations   | 2 3 4 6 7 8 9 |  9.0
Fire Magic     | 4 5 6 7 8 |  8.8
Armour         | 1 2 3 |  3.8
Dodging        | 3 4 5 6 |  6.4
Fighting       | 1 3 4 |  4.0
Short Blades   | 1 2 3 |  3.4
Polearms       | |  0.1
Unarmed Combat | |  0.1

Action                   |  1- 3 |  4- 6 |  7- 9 | 10-12 || total
-------------------------+-------+-------+-------+-------++-------
Melee: Unarmed           |     8 |       |       |       ||     8
       Short sword       |     6 |    45 |    29 |       ||    80
       Trident           |       |     5 |       |       ||     5
       Rapier            |       |       |    61 |    77 ||   138
 Cast: Flame Tongue      |    45 |   111 |   138 |   104 ||   398
       Throw Flame       |     5 |    27 |    51 |    33 ||   116
       Sticky Flame      |       |     3 |    24 |    19 ||    46
       Fireball          |       |       |     3 |     4 ||     7
  Use: Scroll            |       |     2 |     2 |     7 ||    11
       Potion            |       |       |     4 |     4 ||     8
 Stab: Sleeping          |     3 |     3 |     1 |       ||     7
  Eat: Chunk             |     2 |    11 |    13 |     9 ||    35
       Royal jelly       |       |     1 |       |       ||     1
       Pizza             |       |       |     2 |     1 ||     3
       Fruit             |       |       |     1 |     2 ||     3
       Beef jerky        |       |       |     1 |       ||     1
